 Dungeon Crawl Stone Soup version 0.26-a0-646-g5d7718319a (webtiles) character file.

Game seed: 2144605169496486745

721 DogServant the Sneak (level 8, 2/48 HPs)
             Began as a Kobold Necromancer on Sept 24, 2020.
             Quit the game on level 4 of the Dungeon.
             The game lasted 00:11:58 (7042 turns).

DogServant the Sneak (Kobold Necromancer)           Turns: 7042, Time: 00:11:59

Health: 2/48       AC:  0    Str:  7    XL:     8   Next: 2%
Magic:  2/11       EV: 16    Int: 16    God:
Gold:   169        SH:  5    Dex: 16    Spells: 6/11 levels left

rFire    . . .     SeeInvis .   i - +0 dagger
rCold    . . .     Faith    .   (shield restricted)
rNeg     . . .     Spirit   .   c - +0 troll leather armour {Purgy}
rPois    .         Reflect  +   (no helmet)
rElec    .         Harm     .   (no cloak)
rCorr    .         Rampage  .   (no gloves)
MR       .....                  (no boots)
Stlth    ++++......             f - amulet of reflection
HPRegen  0.56/turn              (no ring)
MPRegen  0.12/turn              (no ring)

@: corroded, very slightly contaminated
A: small, nightstalker 3
a: no special abilities


You were on level 4 of the Dungeon.
You visited 1 branch of the dungeon, and saw 5 of its levels.

You collected 169 gold pieces.

Inventory:

Hand Weapons
 i - a +0 dagger (weapon)
 u - a +0 rapier
Missiles
 b - 37 arrows
 k - 13 poisoned darts (quivered)
Armour
 a - a +0 robe
 c - a +0 troll leather armour (worn) {Purgy}
 l - a +0 leather armour
 p - a +0 leather armour of fire resistance
Jewellery
 f - an amulet of reflection (around neck)
 j - an uncursed amulet of guardian spirit
 v - a cursed amulet of inaccuracy {unknown}
Wands
 o - a wand of acid (3)
Scrolls
 d - 2 scrolls of identify
 n - a scroll of remove curse {unknown}
 q - a scroll of noise {unknown}
 r - a scroll of random uselessness {unknown}
 t - a scroll of amnesia {unknown}
Potions
 e - 2 potions of heal wounds
 g - a potion of lignification {unknown}
 h - a potion of berserk rage {unknown}
 m - a potion of brilliance {unknown}
 s - a potion of invisibility {unknown}
 w - a potion of haste {unknown}


   Skills:
 + Level 4.3 Fighting
 + Level 5.1 Short Blades
 + Level 4.8 Dodging
 - Level 5.2 Stealth
 - Level 2.1 Spellcasting
 - Level 5.1 Necromancy


You had 6 spell levels left.
You knew the following spells:

 Your Spells              Type           Power        Failure   Level
a - Pain                  Necr           ###.         3%          1
b - Animate Skeleton      Necr           ###...       3%          1
c - Vampiric Draining     Necr           ###.......   11%         3

Your spell library contained the following spells:

 Spells                   Type           Power        Failure   Level
 Animate Dead             Necr           ###.......   36%         4
 Agony                    Necr           ###.....     71%         5


Dungeon Overview and Level Annotations

Branches:
Dungeon (5/15)             Temple (0/1) D:4

Altars:
Nemelex Xobeh
Wu Jian
The Shining One

Annotations:
D:3 Grinder, Robin


Innate Abilities, Weirdness & Mutations

You are small and have problems with some larger weapons.
You are completely attuned to the shadows.


Message History

Press: ? - help, Shift-Dir - straight line, f/p - gnoll shaman
Aim: a gnoll shaman, wielding a +0 whip and wearing a +0 leather armour (heavily wounded)
You miscast Vampiric Draining.
You are very lightly contaminated with residual magic.
Nothing appears to happen.
The gnoll closely misses you.
The gnoll shaman hits you with a +0 whip.
The gnoll zaps a wand.
The bolt of acid misses you.
Casting: Vampiric Draining (dangerous; 11% risk of failure)
Confirm with . or Enter, or press ? or * to list all spells.
Aiming: Vampiric Draining (dangerous; 11% risk of failure)
Press: ? - help, Shift-Dir - straight line, f/p - gnoll shaman
Aim: a gnoll shaman, wielding a +0 whip and wearing a +0 leather armour (heavily wounded)
The gnoll shaman is almost dead.
You feel life coursing into your body. The gnoll hits you with a +0 dagger.
The gnoll misses you. The gnoll shaman barely misses you.
The gnoll zaps a wand.
The bolt of acid hits you!
* * * LOW HITPOINT WARNING * * *
The acid corrodes you!
You are splashed with acid!
* * * LOW HITPOINT WARNING * * *
Are you sure you want to abandon this character and quit the game? (Confirm with "yes".)

#.....#
#.....#
#.....#.
#.......
#.......
#.......
##.......
#ggg.....
#.@g.....
##....... ##
#....... .#
##.......
####
#........
#..##
##.......
#...##
##..<..###
.....#
##......#
...###
###...†.....


You could see a gnoll shaman and 3 gnolls.

Vanquished Creatures
  Purgy (D:4)
  A sky beast (D:5)
  A scorpion (D:4)
  3 hounds (D:4)
  An orc priest (D:4)
  A centaur skeleton (D:4)
  An iguana (D:4)
  4 orc wizards (D:5)
  A worker ant (D:5)
  2 gnolls (D:4)
  A howler monkey skeleton (D:4)
  7 adders
  2 oozes
  A worm (D:2)
  A dart slug (D:4)
  A leopard gecko (D:2)
  14 orcs
  4 bats
  2 giant cockroaches (D:4)
  4 goblins
  11 hobgoblins
  5 kobolds
  2 quokkas (D:4)
  4 frilled lizards
  A leopard gecko skeleton (D:4)
  A quokka skeleton (D:4)
  12 rats
89 creatures vanquished.

Vanquished Creatures (others)
  A quokka (D:5)
  4 plants (D:4)
5 creatures vanquished.

Grand Total: 94 creatures vanquished

Notes
Turn   | Place    | Note
-------+----------+-------------------------------------------
     0 | D:1      | DogServant the Kobold Necromancer began the quest for the
                  | Orb.
     0 | D:1      | Reached XP level 1. HP: 10/10 MP: 3/3
   445 | D:1      | Reached XP level 2. HP: 15/15 MP: 3/5
  1369 | D:2      | Reached XP level 3. HP: 13/19 MP: 1/6
  1831 | D:2      | Learned a level 1 spell: Animate Skeleton
  1835 | D:2      | Learned a level 3 spell: Vampiric Draining
  1844 | D:2      | Reached XP level 4. HP: 22/24 MP: 4/7
  1924 | D:2      | Reached skill level 1 in Fighting
  1924 | D:2      | Reached skill level 1 in Short Blades
  2113 | D:2      | Found a sparkling altar of Nemelex Xobeh.
  2389 | D:2      | Found a faded altar of an unknown god.
  2432 | D:2      | Found a glowing golden altar of the Shining One.
  2850 | D:3      | Noticed Robin
  3192 | D:3      | Reached XP level 5. HP: 29/29 MP: 8/8
  3590 | D:3      | Noticed Grinder
  4513 | D:4      | Reached skill level 5 in Necromancy
  4513 | D:4      | Reached XP level 6. HP: 36/36 MP: 2/9
  4638 | D:4      | Found a staircase to the Ecumenical Temple.
  5844 | D:4      | Noticed Purgy
  5945 | D:5      | Entered Level 5 of the Dungeon
  5969 | D:5      | Noticed a sky beast
  5974 | D:5      | Killed a sky beast
  5974 | D:5      | Reached XP level 7. HP: 32/41 MP: 0/10
  6198 | D:5      | Reached skill level 5 in Stealth
  6717 | D:4      | Found an ornate altar of the Wu Jian Council.
  6931 | D:4      | Killed Purgy
  6931 | D:4      | Reached skill level 5 in Short Blades
  6931 | D:4      | Reached XP level 8. HP: 33/48 MP: 1/11
  7041 | D:4      | HP: 2/48 [acid (11)]
  7042 | D:4      | Quit the game

Illustrated notes

Levels and vault maps discovered:
D:1:      evilmike_arrival_plus, layout_basic
D:2:      layout_basic, lemuel_crystal_altar, nemelex_xobeh_ov_fountains_minmay,
          chequers_ecumenical_altar_simple
D:3:      layout_rooms, uniq_robin, uniq_grinder
D:4:      minmay_chambers_of_fours, layout_layer_cave,
          nicolae_overflow_crystal_walls, lemuel_blue_sif_altar,
          minmay_temple_entry_overgrown, minmay_quantized, uniq_purgy
D:5:      layout_cave_pools, elyvilon_altar_4, serial_column_ruins,
          column_ruins_temple_circle, column_ruins_circle_medium,
          column_ruins_grid_1, column_ruins_grid_2, column_ruins_open_tiny,
          column_ruins_columns_straight

Skill      XL: |  1  2  3  4  5  6  7 |
---------------+----------------------+-----
Stealth        | 3 4 5 |  5.2
Dodging        | 3 4 |  4.8
Fighting       | 1 2 3 4 |  4.3
Short Blades   | 1 3 4 5 |  5.1
Necromancy     | 5 |  5.1
Spellcasting   | |  2.1

Action                   |  1- 3 |  4- 6 |  7- 9 || total
-------------------------+-------+-------+-------++-------
Melee: Unarmed           |     6 |       |       ||     6
       Dagger            |    14 |   139 |    84 ||   237
 Cast: Pain              |    36 |    51 |     8 ||    95
       Vampiric Draining |       |    16 |    15 ||    31
       Animate Skeleton  |       |     1 |       ||     1
Evoke: Wand              |       |       |     2 ||     2
  Use: Scroll            |       |     2 |       ||     2
       Potion            |       |     1 |     3 ||     4
 Stab: Sleeping          |     7 |     9 |     4 ||    20
Armor: Leather armour    |     2 |    20 |    11 ||    33
       Robe              |     2 |       |       ||     2
Dodge: Dodged            |     8 |   107 |    34 ||   149
Block: Other             |     6 |    43 |    15 ||    64
       Reflection        |       |       |     2 ||     2

Table legend: (Time is in decaauts)
 A = Elapsed time spent in this place.
 B = Non-inter-level travel time spent in this place.
 C = Inter-level travel time spent in this place.
 D = Time resting spent in this place.
 E = Time spent auto-exploring this place.
 F = Levels seen in this place.
 G = Mean time per level.
                   A        B        C        D        E       F      G
               +--------+--------+--------+--------+--------+-----+--------+
         Total |   7003 |   6758 |    245 |   2666 |   3241 |   5 | 1400.6 |
       Dungeon |   7003 |   6758 |    245 |   2666 |   3241 |   5 | 1400.6 |
               +--------+--------+--------+--------+--------+-----+--------+

Top non-repeatable levels by time:
     D:4: 2884 daAuts
     D:2: 1641 daAuts
     D:1: 1364 daAuts
     D:3: 607 daAuts
     D:5: 506 daAuts
